 Dungeon Crawl Stone Soup version 0.28-a0-662-g1651b1f1e0 (webtiles) character file.

Game seed: 10510882021022801023

266 bande the Covered (level 6, 0/38 HPs)
             Began as a Gargoyle Fighter on Oct 14, 2021.
             Was an Initiate of Okawaru.
             Slain by Grinder (8 damage)
             ... while paralysed by Grinder
             ... on level 4 of the Dungeon.
             The game lasted 00:04:44 (3381 turns).

bande the Covered (Gargoyle Fighter)                Turns: 3381, Time: 00:04:44

Health: 0/38       AC: 11    Str: 20    XL:     6   Next: 20%
Magic:  7/7        EV:  2    Int:  9    God:    Okawaru [......]
Gold:   200        SH:  0    Dex: 10    Spells: 5/5 levels left

rFire   . . .      SeeInvis .   a - +0 war axe (vorpal)
rCold   . . .      Faith    .   c - +0 buckler
rNeg    + . .      Spirit   .   b - +0 scale mail
rPois   ∞          Reflect  .   (no helmet)
rElec   +          Harm     .   (no cloak)
rCorr   .          Rampage  .   (no gloves)
Will    .....                   (no boots)
Stlth   ..........              (no amulet)
HPRegen 0.12/turn               (no ring)
MPRegen 0.10/turn               (no ring)

@: paralysed
A: sickness immunity, AC +4, negative energy resistance 1, electricity
resistance, torment resistance 1, petrification resistance
a: Renounce Religion


You were on level 4 of the Dungeon.
You worshipped Okawaru.
Okawaru was noncommittal.
You visited 1 branch of the dungeon, and saw 4 of its levels.

You collected 200 gold pieces.

Inventory:

Hand Weapons
 a - a +0 vorpal war axe (weapon)
Armour
 b - a +0 scale mail (worn)
 c - a +0 buckler (worn)
Jewellery
 f - an amulet of the acrobat
Scrolls
 g - a scroll of blinking
 i - a scroll of teleportation
 k - a scroll of identify
 m - a scroll of silence {unknown}
Potions
 d - a potion of might
 e - a potion of flight {unknown}
 j - 2 potions of resistance {unknown}
 l - a potion of lignification {unknown}


   Skills:
 + Level 4.2 Fighting
 + Level 3.8 Axes
 + Level 4.4 Armour
 + Level 4.1 Shields
 * Level 1.5 Invocations


You had 5 spell levels left.
You didn't know any spells.
Your spell library contained the following spells:

 Spells                   Type           Power      Damage    Failure   Level
 Blink                    Tloc           N/A        N/A       86%         2
 Gell's Gravitas          Tloc           0%         N/A       97%         3
 Lesser Beckoning         Tloc           0%         N/A       97%         3
 Teleport Other           Tloc           0%         N/A       97%         3
 Manifold Assault         Tloc           0%         N/A       100%        5
 Summon Small Mammal      Summ           Unusable   N/A       N/A         1
 Call Canine Familiar     Summ           Unusable   N/A       N/A         3
 Summon Guardian Golem    Hex/Summ       Unusable   N/A       N/A         3

Dungeon Overview and Level Annotations

Branches:
Dungeon (4/15)
 Temple: D:4-7

Altars:
Okawaru

Annotations:
D:4 Grinder


Innate Abilities, Weirdness & Mutations

You are immune to sickness and miasma.
Your stone body is resilient. (AC +4)
You are immune to poison.
You resist negative energy. (rN+)
You are resistant to electric shocks. (rElec)
You are resistant to unholy torment.
You are immune to petrification.


Message History

Grinder hits you but does no damage.
You hit Grinder but do no damage.
Grinder is lightly wounded.
Grinder gestures at you.
You suddenly lose the ability to move!
Grinder blinks!
Grinder gestures at you.
You shrug off the repeated paralysis!
Grinder hits you but does no damage. Grinder hits you.
Grinder says, "DUCK!"
Grinder hits you!
You writhe in agony.
Grinder hits you.
You can move again.
You hit Grinder.
Grinder is lightly wounded.
Grinder hits you but does no damage.
You slash Grinder!
Grinder is moderately wounded.
You block Grinder's attack.
You closely miss Grinder.
Grinder is moderately wounded.
Grinder closely misses you. Grinder hits you.
* * * LOW HITPOINT WARNING * * *
You writhe in agony.
* * * LOW HITPOINT WARNING * * *
You hit Grinder but do no damage.
Grinder is moderately wounded.
Grinder hits you.
* * * LOW HITPOINT WARNING * * *
You writhe in agony.
* * * LOW HITPOINT WARNING * * *
Unknown command.
You feel better. Grinder gestures at you.
You suddenly lose the ability to move!
Grinder hits you but does no damage. x2
Grinder gestures at you.
You shrug off the repeated paralysis!
Grinder hits you!
You die...

... #?. ... ..
..... ##.#..#.#
... .#.# .
#(##.#.#.#
###..#...#.#
##..........##
##....@.......##
#.....5)........
#<.....)....≈≈≈≈
#.....).........
##......)...≈≈≈≈
#.....?....≈...
#.##.####..≈.≈≈
#..†.# ..≈.≈.
#..### .≈.≈.


You could see Grinder.

Vanquished Creatures
  A bullfrog (D:4)
  A jelly (D:4)
  Jessica (D:2)
  An iguana (D:3)
  A gnoll (D:1)
  4 adders
  3 worms
  A dart slug (D:1)
  6 orcs
  6 endoplasms
  4 giant cockroaches
  2 goblins (D:2)
  3 hobgoblins
  5 quokkas
  3 ball pythons
  7 bats
  A frilled lizard (D:2)
  5 kobolds
  6 rats
61 creatures vanquished.

Notes
Turn   | Place    | Note
-------+----------+-------------------------------------------
     0 | D:1      | bande the Gargoyle Fighter began the quest for the Orb.
     0 | D:1      | Reached XP level 1. HP: 14/14 MP: 1/1
    30 | D:1      | Reached XP level 2. HP: 1/19 MP: 2/2
   760 | D:1      | Reached XP level 3. HP: 23/23 MP: 3/3
   969 | D:1      | Found a faded altar of an unknown god.
  1287 | D:2      | Noticed Jessica
  1297 | D:2      | Killed Jessica
  1298 | D:2      | Reached XP level 4. HP: 10/29 MP: 4/4
  2243 | D:3      | Found an iron altar of Okawaru.
  2258 | D:3      | Became a worshipper of Warmaster Okawaru
  2568 | D:3      | Reached XP level 5. HP: 33/33 MP: 5/5
  3189 | D:4      | Reached skill level 1 in Invocations
  3293 | D:4      | Reached XP level 6. HP: 24/38 MP: 5/7
  3363 | D:4      | Noticed Grinder
  3367 | D:4      | Paralysed by Grinder for 6 turns
  3376 | D:4      | HP: 1/38 [Grinder (2)]
  3377 | D:4      | Paralysed by Grinder for 5 turns
  3381 | D:4      | Slain by Grinder

Illustrated notes

Levels and vault maps discovered:
D:1:      nicolae_arrival_memento_mori, layout_loops_ring,
          hellmonk_ecumenical_altar_leap_of_faith, minmay_domino_2
D:2:      layout_rooms, uniq_jessica
D:3:      layout_loops_corners, mainiacjoe_overflow_chevrons
D:4:      layout_rooms, mainiacjoe_overflow_24_doors, serial_shops,
          nicolae_shop_stone, nicolae_take_the_stairs, nicolae_shop_stone,
          kennysheep_mini, nicolae_inconvenience_store, kennysheep_small_square,
          uniq_grinder

Skill      XL: |  1  2  3  4  5 |
---------------+----------------+-----
Axes           | 2 3 |  3.8
Armour         | 4 |  4.4
Shields        | 4 |  4.1
Fighting       | 4 |  4.2
Invocations    | 1 |  1.5

Action                   |  1- 3 |  4- 6 || total
-------------------------+-------+-------++-------
Melee: War axe           |    55 |   136 ||   191
  Use: Scroll            |       |     5 ||     5
       Potion            |       |     1 ||     1
Armor: Scale mail        |    37 |    87 ||   124
Dodge: Dodged            |    21 |    64 ||    85
Block: Buckler           |    13 |    33 ||    46

Table legend: (Time is in decaauts)
 A = Elapsed time spent in this place.
 B = Non-inter-level travel time spent in this place.
 C = Inter-level travel time spent in this place.
 D = Time resting spent in this place.
 E = Time spent auto-exploring this place.
 F = Levels seen in this place.
 G = Mean time per level.
                   A        B        C        D        E       F      G
               +--------+--------+--------+--------+--------+-----+--------+
         Total |   3455 |   3455 |      0 |    786 |   2063 |   4 |  863.8 |
       Dungeon |   3455 |   3455 |      0 |    786 |   2063 |   4 |  863.8 |
               +--------+--------+--------+--------+--------+-----+--------+

Top non-repeatable levels by time:
     D:1: 1503 daAuts
     D:3: 1064 daAuts
     D:2: 649 daAuts
     D:4: 238 daAuts
